 Dungeon Crawl Stone Soup version 0.19.5 (webtiles) character file.

301 Lilleppy the Chopper (level 6, -2/56 HPs)
             Began as a Hill Orc Monk on Mar 27, 2017.
             Slain by a phantom (7 damage)
             ... on level 4 of the Dungeon.
             The game lasted 00:08:11 (4153 turns).

Lilleppy the Chopper (Hill Orc Monk)                Turns: 4153, Time: 00:08:12

Health: -2/56      AC:  5    Str: 14    XL:     6   Next: 37%
Magic:  6/6        EV: 13    Int: 15    God:
Gold:   166        SH:  0    Dex: 15    Spells: 0 memorised, 5 levels left

rFire  . . .     SeeInvis .     e - +2 dagger (drain)
rCold  . . .     Gourm    +     d - +2 robe {MR+}
rNeg   . . .     Faith    .     (no shield)
rPois  .         Spirit   .     (no helmet)
rElec  .         Reflect  .     q - +0 cloak
rCorr  .         Harm     .     (no gloves)
MR     ++...                    (no boots)
Stlth  ++........               g - amulet of the gourmand
                                (no ring)
                                j - ring of protection from magic

@: brilliant, drained
A: deterioration 1
a: no special abilities


You were on level 4 of the Dungeon.
You were near starving.

You visited 1 branch of the dungeon, and saw 4 of its levels.

You collected 166 gold pieces.

Inventory:

Hand Weapons
 a - a +0 hand axe
 e - a +2 dagger of draining (weapon)
 f - a +1 antimagic dagger
Armour
 d - a +2 robe of magic resistance (worn)
 l - a +1 chain mail
 q - a +0 cloak (worn)
Jewellery
 g - an amulet of the gourmand (around neck)
 j - a ring of protection from magic (left hand)
Wands
 b - a wand of slowing (24/48)
Scrolls
 c - a scroll of amnesia
 i - 3 scrolls of remove curse
 k - a scroll of identify
 s - a scroll of teleportation
 u - a scroll of random uselessness
Potions
 h - a potion of haste
 n - a potion of flight
Comestibles
 t - a bread ration


   Skills:
 + Level 5.0(4.6) Fighting
 + Level 2.0(1.6) Short Blades
 + Level 5.5(5.1) Axes
 + Level 2.4(2.0) Armour
 + Level 3.2(2.7) Dodging
 + Level 2.2(1.8) Stealth


You had 5 spell levels left.
You didn't know any spells.

Dungeon Overview and Level Annotations

Branches:
Dungeon (4/15)
 Temple: D:4-7

Altars:
Cheibriados
Hepliaklqana
Makhleb
Yredelemnul


Innate Abilities, Weirdness & Mutations

Your body sometimes deteriorates upon taking damage.


Message History

The phantom is severely damaged.
You hit the phantom but do no damage.
The phantom is severely damaged.
The phantom blinks!
The phantom hits you.
* * * LOW HITPOINT WARNING * * *
You miss the phantom.
The phantom is severely damaged.
You closely miss the phantom.
The phantom is severely damaged.
The phantom closely misses you.
You barely miss the phantom.
The phantom is severely damaged.
You barely miss the phantom.
The phantom is severely damaged.
The phantom blinks!
You closely miss the phantom.
The phantom is heavily damaged.
The phantom hits you!
You die...

#..................<#
#.............#######
#............(#
#.............#
####.#'#########.#
#....#.#########'####
#.####.#............+
##.####.#..........###
#.......#.....W@...#
####################


You could see a phantom.

Vanquished Creatures
  A scorpion (D:3)
  A centaur skeleton (D:4)
  A hound (D:4)
  A worker ant (D:3)
  7 adders
  4 gnolls (D:2)
  An adder skeleton (D:4)
  2 dart slugs
  5 leopard geckos
  A ball python (D:3)
  10 giant cockroaches (D:3)
  2 gnoll zombies (D:3)
  6 hobgoblins
  3 jackals (D:3)
  2 quokkas (D:3)
  4 bats
  A frilled lizard (D:3)
  5 goblins (D:1)
  4 kobolds
  A rat (D:3)
62 creatures vanquished.

Notes
Turn   | Place    | Note
-------+----------+-------------------------------------------
     0 | D:1      | Lilleppy the Hill Orc Monk began the quest for the Orb.
     0 | D:1      | Reached XP level 1. HP: 19/19 MP: 1/1
   509 | D:1      | Reached XP level 2. HP: 24/27 MP: 2/2
  1077 | D:2      | Reached XP level 3. HP: 33/33 MP: 3/3
  1086 | D:2      | Reached XP level 4. HP: 41/41 MP: 4/4
  1147 | D:2      | Reached skill level 5 in Axes
  1306 | D:2      | Found a hazy altar of Hepliaklqana.
  1306 | D:2      | Found a snail-covered altar of Cheibriados.
  1458 | D:2      | HP: 2/41 [poisoned by an adder]
  2142 | D:3      | Reached skill level 1 in Armour
  2157 | D:3      | Found a burning altar of Makhleb.
  2257 | D:3      | Reached XP level 5. HP: 20/47 MP: 5/5
  3230 | D:3      | Found a basalt altar of Yredelemnul.
  3306 | D:3      | Reached skill level 1 in Short Blades
  3306 | D:3      | Reached XP level 6. HP: 19/55 MP: 6/6
  3322 | D:3      | HP: 2/55 [poisoned by a scorpion]
  3327 | D:3      | HP: 2/55 [poisoned by a scorpion]
  3332 | D:3      | HP: 1/55 [poisoned by a scorpion]
  3933 | D:4      | Reached skill level 5 in Fighting
  4092 | D:4      | Noticed a phantom
  4134 | D:4      | Gained mutation: You are frail. (-10% HP) [potion of mutation]
  4134 | D:4      | Gained mutation: Your body sometimes deteriorates upon taking damage. [potion of mutation]
  4134 | D:4      | Lost mutation: You are frail. (-10% HP) [potion of mutation]
  4153 | D:4      | Slain by a phantom

Skill      XL: |  1  2  3  4  5  6 |
---------------+-------------------+-----
Fighting       | 4 5 |  5.0
Axes           | 5 |  5.5
Stealth        | 2 |  2.2
Armour         | 1 2 |  2.4
Dodging        | 3 |  3.2
Short Blades   | 1 2 |  2.0

Action                   |  1- 3 |  4- 6 || total
-------------------------+-------+-------++-------
Melee: Hand axe          |    39 |   113 ||   152
       Dagger            |     5 |   147 ||   152
Evoke: Wand              |       |     1 ||     1
  Use: Potion            |     3 |    11 ||    14
       Scroll            |       |     8 ||     8
 Stab: Sleeping          |       |     1 ||     1
  Eat: Bread ration      |       |     2 ||     2
Armor: Leather armour    |     6 |       ||     6
       Skin              |    22 |    32 ||    54
       Ring mail         |     3 |    15 ||    18
       Chain mail        |       |    51 ||    51
       Robe              |       |    42 ||    42
Dodge: Dodged            |    29 |   168 ||   197
